 Dungeon Crawl Stone Soup version 0.24.0-2-g5b39cebb1c (webtiles) character file.

Game seed: 13814305359951273120, levelgen mode: deterministic

1003 Acheron the Chopper (level 8, -2/49 HPs)
             Began as a Gargoyle Fighter on Oct 31, 2019.
             Splashed by a jelly's acid (3 damage)
             ... on level 5 of the Dungeon.
             The game lasted 00:17:07 (2591 turns).

Acheron the Chopper (Gargoyle Fighter)              Turns: 2591, Time: 00:17:08

Health: -2/49      AC:  1    Str: 20    XL:     8   Next: 20%
Magic:  8/8        EV:  8    Int: 10    God:
Gold:   167        SH:  9    Dex: 10    Spells: 8/8 levels left

rFire    . . .     SeeInvis .   a - +0 war axe
rCold    . . .     Gourm    .   c - +0 shield
rNeg     + . .     Faith    .   b - +0 scale mail
rPois    ∞         Spirit   .   (no helmet)
rElec    +         Reflect  .   (no cloak)
rCorr    .         Harm     .   g - +0 pair of gloves
MR       .....                  (no boots)
Stlth    +.........             (no amulet)
HPRegen  0.16/turn              (no ring)
MPRegen  0.11/turn              (no ring)

@: corroded
A: negative energy resistance 1, electricity resistance, unbreathing,
petrification resistance, rot immunity, AC +5
a: no special abilities


You were on level 5 of the Dungeon.
You were hungry.

You visited 2 branches of the dungeon, and saw 6 of its levels.

You collected 167 gold pieces.

Inventory:

Hand Weapons
 a - a +0 war axe (weapon)
 d - a +0 halberd
 m - a +0 short sword
 n - a +2 dagger of venom
 q - a +2 whip of draining
 t - a +0 hunting sling
Missiles
 e - 99 stones
 h - 10 poisoned darts (quivered)
 r - 6 curare-tipped darts
Armour
 b - a +0 scale mail (worn)
 c - a +0 shield (worn)
 g - a +0 pair of gloves (worn)
 k - the +2 robe of Gravitas {MR+ rCorr Str-5 Slay+5, unknown}
   (You found it on level 5 of the Dungeon)

   It affects your strength (-5).
   It affects your accuracy and damage with ranged weapons and melee attacks
   (+5).
   It affects your resistance to hostile enchantments.
   It provides partial protection from all sources of acid and corrosion.
Jewellery
 i - an uncursed ring of resist corrosion {unknown}
 p - a cursed ring of positive energy {unknown}
 s - an uncursed ring of magical power {unknown}
Potions
 o - a potion of degeneration {unknown}
 u - 2 potions of invisibility
Comestibles
 f - 3 rations


   Skills:
 * Level 5.0 Fighting
 * Level 5.7 Axes
 * Level 0.9 Throwing
 + Level 4.2 Armour
 * Level 2.1 Dodging
 * Level 3.5 Stealth
 + Level 4.5 Shields
 * Level 0.6 Spellcasting


You had 8 spell levels left.
You didn't know any spells.
Your spell library contained the following spells:

 Spells                   Type           Power        Failure   Level  Hunger
 Cause Fear               Hex            #.........   100%        4    #####..
 Silence                  Hex/Air        #.........   100%        5    ######.
 Yara's Violent Unravell  Hex/Tmut       #.........   100%        5    ######.
 Deflect Missiles         Chrm/Air       #.........   100%        6    #######
 Discord                  Hex            #.........   100%        8    #######


Dungeon Overview and Level Annotations

Branches:
Dungeon (5/15)             Temple (1/1) D:4

Altars:
Ashenzari
Fedhas
Hepliaklqana
Nemelex Xobeh
Ru
Sif Muna
Trog
Vehumet
Yredelemnul
Zin

Annotations:
D:4 Grinder


Innate Abilities, Weirdness & Mutations

You are resistant to torment.
Your stone body is resilient. (AC +5)
You are immune to poison.
You resist negative energy. (rN+)
You are resistant to electric shocks. (rElec)
You can survive without breathing.
You are immune to petrification.
You are immune to rotting.


Message History

You block the jackal's attack.
You slash the jackal!
You kill the jackal!
You hit the jelly but do no damage.
Your hands burn!
* * * LOW HITPOINT WARNING * * *
You block the jelly's attack.
You slash the jelly! The acid corrodes you!
Your hands burn!
* * * LOW HITPOINT WARNING * * *
The jelly is heavily wounded.
You block the jelly's attack.
You hit the jelly.
Your hands burn!
* * * LOW HITPOINT WARNING * * *
The jelly is almost dead.
The jelly closely misses you. You block the jelly's attack.
You hit the jelly. The acid corrodes you!
Your hands burn!
* * * LOW HITPOINT WARNING * * *
The jelly is almost dead.
The jelly hits you but does no damage.
You hit the jelly but do no damage. The acid corrodes you!
Your hands burn!
You die...

#. #.....#.# ##.
##.......##
#..####.........#
....###.#..##..#
..$........#..# #
##.#.........#
#.#....<.((....#
#..............###
....%...#......J@#
....#...##.....###
....#......$[..#
................
.......##...#..##
....####....####
....# ##..## ....
$...


You could see a jelly.

Vanquished Creatures
  Pikel (D:4)
  A big kobold (D:5)
  2 howler monkeys
  A jelly (D:5)
  An orc wizard (D:4)
  2 iguanas
  2 worker ants (D:4)
  7 adders
  6 gnolls (D:3)
  2 worms (D:3)
  2 dart slugs
  5 leopard geckos
  13 orcs
  A ball python (D:3)
  7 bats
  A giant cockroach (D:2)
  4 hobgoblins
  11 jackals
  9 kobolds
  A quokka (D:2)
  4 frilled lizards
  8 goblins
  A leopard gecko skeleton (D:4)
  5 rats
97 creatures vanquished.

Vanquished Creatures (others)
  A worker ant (D:4)
  2 orcs (D:4)
3 creatures vanquished.

Grand Total: 100 creatures vanquished

Notes
Turn   | Place    | Note
-------+----------+-------------------------------------------
     0 | D:1      | Acheron the Gargoyle Fighter began the quest for the Orb.
     0 | D:1      | Reached XP level 1. HP: 14/14 MP: 1/1
    19 | D:1      | Reached XP level 2. HP: 19/19 MP: 2/2
   299 | D:1      | Reached XP level 3. HP: 24/24 MP: 3/3
   524 | D:1      | Reached skill level 1 in Stealth
   682 | D:2      | Noticed an ogre
   764 | D:2      | Reached XP level 4. HP: 25/29 MP: 4/4
   768 | D:2      | Noticed a bullfrog
  1437 | D:4      | Found a staircase to the Ecumenical Temple.
  1443 | Temple   | Entered the Ecumenical Temple
  1686 | D:5      | Entered Level 5 of the Dungeon
  1691 | D:4      | Reached XP level 5. HP: 33/33 MP: 5/5
  1718 | D:4      | Reached skill level 1 in Dodging
  1843 | D:4      | Noticed Pikel
  1846 | D:4      | Noticed a slave
  1847 | D:4      | Noticed a slave
  1847 | D:4      | Noticed a slave
  1850 | D:4      | Noticed a slave
  1858 | D:4      | Killed Pikel
  1858 | D:4      | Reached skill level 5 in Axes
  1858 | D:4      | Reached XP level 6. HP: 23/39 MP: 6/6
  1858 | D:4      | Reached XP level 7. HP: 26/44 MP: 7/7
  2191 | D:4      | Noticed Grinder
  2200 | D:3      | Reached XP level 8. HP: 44/48 MP: 8/8
  2262 | D:3      | Found a shattered altar of Ashenzari.
  2507 | D:4      | Paralysed by Grinder for 2 turns
  2550 | D:5      | Got a silken robe
  2576 | D:5      | Reached skill level 5 in Fighting
  2590 | D:5      | HP: 1/49 [acid (3)]
  2591 | D:5      | Splashed by a jelly's acid

Levels and vault maps discovered:
D:1:      scummos_arrival_simple_crosswalls, layout_basic
D:2:      layout_rooms, lemuel_coloured_pillars_altar, lemuel_crystal_altar,
          first_ration, uniq_sigmund
D:3:      layout_basic, marbit_many_paths
D:4:      layout_cave_pools, kennysheep_mini_moat,
          nicolae_qazlal_eye_of_the_storm, minmay_temple_entry_hall, uniq_pikel,
          uniq_grinder
D:5:      layout_cave_pools
Temple:   compressed_dpeg_triangle_lava_temple

Skill      XL: |  1  2  3  4  5  6  7  8 |
---------------+-------------------------+-----
Axes           | 2 5 |  5.7
Stealth        | 1 3 |  3.5
Dodging        | 1 2 |  2.1
Fighting       | 4 5 |  5.0
Shields        | 4 |  4.5
Armour         | 4 |  4.2
Throwing       | |  0.9
Spellcasting   | |  0.6

Action                   |  1- 3 |  4- 6 |  7- 9 || total
-------------------------+-------+-------+-------++-------
Melee: War axe           |   115 |   105 |   109 ||   329
Throw: Dart              |       |     3 |     7 ||    10
       Stone             |       |       |     5 ||     5
  Use: Scroll            |       |     3 |     2 ||     5
       Potion            |       |       |     3 ||     3
  Eat: Ration            |       |     1 |       ||     1
       Chunk             |       |       |     2 ||     2
Armor: Scale mail        |    67 |    67 |    50 ||   184
Dodge: Dodged            |    44 |    41 |    52 ||   137
Block: Shield            |    80 |    58 |    61 ||   199
